 Dungeon Crawl Stone Soup version 0.20.1-1-g8b1a95d (webtiles) character file.

203 Mitsuki the Digger (level 5, 0/28 HPs)
             Began as a Gargoyle Earth Elementalist on Sept 15, 2017.
             Slain by an orc
             ... wielding a +0 flail
              (3 damage)
             ... on level 4 of the Dungeon.
             The game lasted 00:12:38 (5324 turns).

Mitsuki the Digger (Gargoyle Earth Elementalist)    Turns: 5324, Time: 00:12:39

Health: 0/28       AC:  6    Str: 13    XL:     5   Next: 81%
Magic:  1/10       EV: 12    Int: 22    God:
Gold:   147        SH:  0    Dex: 10    Spells: 7/11 levels left

rFire    . . .     SeeInvis .   o - +3 rapier
rCold    . . .     Gourm    +   (no shield)
rNeg     + . .     Faith    .   c - +0 robe
rPois    ∞         Spirit   .   (no helmet)
rElec    +         Reflect  .   (no cloak)
rCorr    .         Harm     .   (no gloves)
MR       .....                  (no boots)
Stlth    ++........             p - amulet of the gourmand
Regen    0.1/turn               k - +2 ring of strength
MPRegen  0.2/turn               (no ring)

@: brilliant, very slightly contaminated
A: negative energy resistance 1, electricity resistance, unbreathing,
petrification resistance, rot immunity, AC +4
a: no special abilities


You were on level 4 of the Dungeon.
You were very full.

You visited 1 branch of the dungeon, and saw 4 of its levels.

You collected 147 gold pieces.

Inventory:

Hand Weapons
 o - a +3 rapier (weapon)
Missiles
 b - 156 stones (quivered)
Armour
 c - a +0 robe (worn)
Jewellery
 k - a +2 ring of strength (left hand)
 p - an amulet of the gourmand (around neck)
Scrolls
 f - 4 scrolls of identify {unknown}
 i - 2 scrolls of enchant armour {unknown}
 l - a scroll of amnesia {unknown}
 m - a scroll of enchant weapon {unknown}
 q - 2 scrolls of remove curse {unknown}
 t - a scroll of immolation {unknown}
Potions
 a - a potion of lignification {unknown}
 g - 2 potions of brilliance
 h - 2 potions of agility {unknown}
 j - a potion of magic {unknown}
 r - a potion of haste {unknown}
Books
 e - a book of Geomancy

   Spells                             Type                      Level
   a - Sandblast                      Earth                        1
   b - Passwall                       Transmutation/Earth          2
   c - Stone Arrow                    Conjuration/Earth            3
   d - Petrify                        Transmutation/Earth          4
   e - Lee's Rapid Deconstruction     Earth                        5
Comestibles
 d - 2 bread rations
 n - 2 meat rations
 s - 2 royal jellies


   Skills:
 - Level 1.5 Dodging
 - Level 2.1 Stealth
 + Level 3.6 Spellcasting
 + Level 2.5 Conjurations
   Level 0.7 Transmutations
 + Level 5.5 Earth Magic


You had 7 spell levels left.
You knew the following spells:

 Your Spells              Type           Power        Failure   Level  Hunger
a - Sandblast             Erth           #####.       1%          1    None
b - Stone Arrow           Conj/Erth      ####..       1%          3    ###....


Dungeon Overview and Level Annotations

Branches:
Dungeon (4/15)
 Temple: D:4-7

Altars:
Nemelex Xobeh
Okawaru
Trog

Annotations:
D:3 Terence


Innate Abilities, Weirdness & Mutations

You are resistant to torment.
Your stone body is resilient. (AC +4)
You are immune to poison.
You resist negative energy. (rN+)
You are resistant to electric shocks. (rElec)
You can survive without breathing.
You are immune to petrification.
You are immune to rotting.


Message History

You hit the orc but do no damage.
The orc is heavily wounded.
The orc barely misses you.
The orc hits you with a mace of protection.
* * * LOW HITPOINT WARNING * * *
The orc hits you but does no damage. The orc misses you.
It was a potion of brilliance.
You feel clever all of a sudden. The orc closely misses you.
The orc barely misses you. The orc hits you but does no damage. x2
Casting: Sandblast
Confirm with . or Enter, or press ? or * to list all spells.
Aiming: Sandblast
Press: ? - help, Shift-Dir - straight line, f - orc
Aim: an orc, wielding a mace of protection and wearing a leather armour The blast of sand hits the orc.
You kill the orc!
b - 156 stones The orc hits you with a flail.
You die...

#.....#
#.....#
#.....#
#.....#
#.....#
#.....#
#[.o..+
#.)@o.#
#.o).!#
#.....#
#.....#
#.....#
#.....+
....>.#
.......#


You could see 3 orcs.

Vanquished Creatures
  An orc wizard (D:4)
  6 adders
  4 worms (D:3)
  2 dart slugs (D:1)
  3 leopard geckos (D:2)
  11 orcs
  A ball python (D:2)
  9 bats
  7 giant cockroaches
  7 goblins
  8 hobgoblins
  3 jackals (D:2)
  A quokka (D:3)
  6 frilled lizards
  14 kobolds
  13 rats
96 creatures vanquished.

Notes
Turn   | Place    | Note
-------+----------+-------------------------------------------
     0 | D:1      | Mitsuki the Gargoyle Earth Elementalist began the quest for the Orb.
     0 | D:1      | Reached XP level 1. HP: 10/10 MP: 3/3
   552 | D:1      | Reached XP level 2. HP: 12/15 MP: 5/5
   619 | D:1      | Reached skill level 4 in Earth Magic
  1545 | D:1      | Reached XP level 3. HP: 15/19 MP: 7/7
  1550 | D:1      | Learned a level 3 spell: Stone Arrow
  2788 | D:2      | Reached skill level 1 in Conjurations
  2881 | D:2      | Reached XP level 4. HP: 23/24 MP: 8/8
  3177 | D:2      | Found a sparkling altar of Nemelex Xobeh.
  4170 | D:3      | Found an iron altar of Okawaru.
  4179 | D:3      | Reached skill level 5 in Earth Magic
  4222 | D:3      | Reached XP level 5. HP: 25/28 MP: 8/10
  4610 | D:3      | Noticed a moth of wrath
  4613 | D:3      | Found a bloodstained altar of Trog.
  4675 | D:3      | Noticed Terence
  5324 | D:4      | Slain by an orc

Skill      XL: |  1  2  3  4 |
---------------+-------------+-----
Earth Magic    | 4 5 |  5.5
Spellcasting   | 3 |  3.6
Conjurations   | 1 2 |  2.5
Dodging        | |  1.5
Stealth        | |  2.1
Transmutations | |  0.7

Action                   |  1- 3 |  4- 6 || total
-------------------------+-------+-------++-------
Melee: Unarmed           |    88 |       ||    88
       Whip              |   127 |       ||   127
       Dagger            |    11 |       ||    11
       Rapier            |    13 |   180 ||   193
 Cast: Sandblast         |     6 |     8 ||    14
       Stone Arrow       |       |     3 ||     3
  Use: Potion            |       |     1 ||     1
 Stab: Sleeping          |     3 |     3 ||     6
  Eat: Chunk             |     6 |    17 ||    23
Armor: Robe              |   104 |    61 ||   165
Dodge: Dodged            |   157 |   152 ||   309
